Map: Cyber Forest LE

Players

Future

  • Race: Terran Terran
  • Spawn Location: 5:00

ShaDoWn - Winner!

  • Race: Protoss Protoss
  • Spawn Location: 11:00

Event: 2019 WCS Summer

VOD

Have the link to the VOD?

Description

Time

  • Played on: July 13, 2019, 7:55 a.m.
  • Length: 11:03

All games in this series

Show
View Real Time Build Order
Export as new Build Order

Future Terran 

Build Orders:  

Get SALT Encoding   

  12  0:00  SCV  
  13  0:12  SCV  
  14  0:17  Supply Depot  
  14  0:25  SCV  
  15  0:38  SCV  
  15  0:40  Barracks  
  16  0:46  Refinery  
  16  0:51  SCV  
  17  1:03  SCV  
  18  1:15  SCV  
  19  1:26  Marine  
  19  1:27  Orbital Command  
  20  1:45  Command Center  
  20  1:48  Barracks Reactor  
  20  1:55  SCV  
  20  2:00  Supply Depot  
  21  2:07  SCV  
  22  2:12  Factory  
  22  2:19  SCV  
  22  2:20  Refinery  
  23  2:25  Marine  
  23  2:26  Marine  
  25  2:31  SCV  
  25  2:36  Bunker  
  26  2:43  Marine, SCV  
  26  2:44  Marine  
  29  2:55  SCV  
  29  2:58  Starport  
  30  2:59  Factory Tech Lab  
  30  3:08  Orbital Command  
  29  3:13  SCV  
  29  3:18  Siege Tank  
  32  3:21  Marine  
  32  3:22  Marine  
  32  3:26  SCV  
  35  3:35  Medivac  
  35  3:38  Marine  
  35  3:41  Marine  
  41  3:42  Supply Depot  
  41  3:44  SCV  
  41  3:45  SCV  
  41  3:53  Siege Tank  
  44  3:56  Marine  
  44  3:57  SCV  
  46  4:04  Marine, SCV  
  46  4:05  Supply Depot  
  46  4:09  SCV  
  49  4:10  Viking  
  49  4:15  Marine  
  49  4:16  SCV  
  53  4:19  Supply Depot  
  53  4:22  SCV  
  54  4:26  Marine  
  54  4:30  Siege Tank  
  58  4:31  SCV  
  58  4:34  SCV  
  58  4:37  Supply Depot  
  60  4:38  Marine  
  60  4:43  SCV  
  60  4:44  Marine  
  63  4:46  SCV  
  63  4:52  Barracks x2  
  64  4:55  SCV  
  64  4:58  SCV  
  66  5:03  Marine x2  
  68  5:08  Siege Tank, SCV  
  68  5:10  SCV  
  70  5:20  Starport Tech Lab, SCV  
  70  5:21  Marine  
  70  5:22  SCV  
  70  5:29  Marine  
  70  5:32  SCV  
  70  5:35  Refinery, SCV, Engineering Bay  
  70  5:39  Marine  
  71  5:49  SCV  
  71  5:51  Marine  
  71  5:52  Marauder  
  68  6:00  Marine  
  63  6:05  SCV  
  63  6:09  SCV  
  58  6:14  Marine, Marauder  
  60  6:19  SCV  
  60  6:21  SCV  
  60  6:24  Stimpack  
  59  6:31  SCV  
  59  6:32  Terran Infantry Weapons Level 1  
  58  6:33  Factory Reactor, SCV  
  58  6:35  Marauder  
  58  6:38  Marauder, Marine x2  
  65  6:44  SCV  
  65  6:45  SCV, Supply Depot  
  65  6:46  Supply Depot  
  67  6:56  Combat Shield, Marine x2, SCV  
  67  6:57  Marauder, SCV  
  67  7:00  Marauder  
  75  7:04  Starport Reactor  
  75  7:08  SCV  
  76  7:09  SCV  
  76  7:15  Marine x2, Command Center  
  79  7:18  Marauder  
  79  7:21  Marauder  
  81  7:23  Factory Reactor  
  81  7:26  Command Center  
  81  7:27  Medivac  
  83  7:33  Medivac  
  83  7:34  Refinery  
  83  7:36  Supply Depot x2  
  85  7:39  Marauder  
  85  7:40  Marine  
  85  7:41  Marine  
  85  7:42  Marauder  
  91  7:47  SCV x2  
  92  7:59  SCV x2  
  92  8:01  Marauder  
  95  8:07  Marine x2, Marauder, Liberator  
  95  8:11  SCV  
  101  8:12  SCV  
  101  8:15  Concussive Shells  
  101  8:16  Viking  
  102  8:22  Marauder  
  102  8:26  Supply Depot  
  107  8:31  Marauder, Marine  
  107  8:32  Marine  
  111  8:35  Widow Mine  
  111  8:37  Widow Mine  
  115  8:46  Marauder  
  115  9:00  Marauder  
  115  9:02  Marine  
  118  9:07  Marauder  
  120  9:10  Medivac x2  
  124  9:29  Marauder x2  
  124  9:30  Marine x2  
  130  9:34  Barracks, Widow Mine x2  
  130  9:35  Barracks  
  134  9:41  Orbital Command  
  134  9:55  Marauder  
  116  10:19  Marine  
  116  10:25  Bunker  
  116  10:33  Bunker  
Show
View Real Time Build Order
Export as new Build Order

ShaDoWn Protoss - Winner!

Build Orders: 1 Gate Expand, Blink Stalkers, Chargelot Immortal 

Get SALT Encoding   

  12  0:00  Probe  
  13  0:13  Probe  
  14  0:19  Pylon  
  14  0:25  Probe  
  15  0:33  Probe  
  15  0:38  Gateway  
  15  0:41  Probe  
  16  0:46  Assimilator  
  17  0:51  Probe  
  18  1:03  Probe  
  19  1:15  Probe  
  20  1:26  Cybernetics Core  
  20  1:33  Nexus  
  20  1:37  Probe  
  21  1:45  Pylon  
  21  1:53  Probe, Adept  
  22  1:55  Assimilator  
  22  2:05  Probe, Warp Gate  
  25  2:16  Stalker  
  25  2:17  Probe  
  26  2:29  Probe  
  29  2:34  Twilight Council  
  29  2:41  Probe  
  30  2:49  Probe  
  31  2:52  Stalker  
  31  2:53  Probe  
  31  2:57  Probe  
  34  3:02  Blink  
  34  3:05  Probe x2  
  35  3:14  Probe  
  35  3:18  Probe  
  37  3:22  Probe  
  37  3:26  Gateway  
  38  3:30  Probe x2  
  38  3:33  Robotics Facility  
  40  3:42  Probe x2  
  40  3:43  Pylon  
  42  3:53  Stalker  
  42  3:54  Probe x2  
  46  3:57  Assimilator  
  46  4:04  Gateway  
  46  4:06  Probe  
  46  4:07  Pylon  
  46  4:08  Probe  
  48  4:18  Observer, Probe  
  48  4:20  Stalker x2, Probe  
  48  4:22  Gateway  
  55  4:32  Probe, Pylon  
  56  4:43  Stalker x2  
  60  4:46  Shield Battery, Pylon  
  60  4:50  Immortal  
  64  5:04  Stalker  
  64  5:06  Shield Battery  
  66  5:12  Stalker x2  
  70  5:23  Probe  
  70  5:24  Stalker  
  70  5:27  Stalker  
  71  5:33  Probe  
  72  5:35  Probe  
  72  5:38  Nexus  
  73  5:46  Forge x2  
  73  5:47  Sentry  
  75  5:59  Probe  
  75  6:01  Charge, Zealot x2  
  75  6:04  Warp Prism  
  78  6:10  Probe  
  77  6:16  Pylon  
  77  6:20  Probe  
  78  6:27  Protoss Ground Armor Level 1  
  78  6:29  Pylon  
  78  6:34  Probe x2, Gateway  
  78  6:35  Protoss Ground Weapons Level 1  
  78  6:36  Gateway  
  76  6:40  Immortal  
  76  6:46  Probe x2  
  82  6:52  Zealot x2  
  86  6:57  Probe  
  86  6:58  Probe  
  88  7:02  Probe  
  88  7:07  Pylon  
  89  7:11  Zealot, Gateway  
  89  7:13  Zealot, Gateway  
  93  7:16  Probe  
  94  7:27  Immortal  
  94  7:28  Probe  
  99  7:38  Nexus  
  99  7:39  Pylon  
  99  7:40  Probe, Zealot x2  
  99  7:43  Sentry  
  104  7:44  Zealot  
  106  7:51  Zealot x2  
  106  7:55  Pylon  
  110  7:58  Immortal  
  108  8:06  Protoss Ground Armor Level 2  
  112  8:13  Protoss Ground Weapons Level 2  
  112  8:15  Zealot x7  
  124  8:35  Warp Prism  
  124  8:37  Stalker x3  
  132  8:43  Pylon  
  130  9:02  Stalker x4, Zealot x4  
  144  9:11  Warp Prism  
  146  9:29  Pylon  
  146  9:30  Zealot x5  
  156  9:33  Pylon x2  
  156  9:34  Pylon  
  156  9:42  Pylon  
  156  9:49  Pylon  
  153  9:54  Stalker x5  
  153  9:55  Zealot x3  
  149  10:17  Zealot x8  
  161  10:23  Immortal  
  165  10:37  Zealot x7  
  152  10:50  Probe  
  135  11:03  Nexus  
Tags
 
Add a new tag
Caveats
  • Supply blocks, unpowered buildings, or Contaminate may cause inaccurate times.
  • Supply counts are checked every 10 seconds.